 Dungeon Crawl Stone Soup version 0.24.0-123-gd5b16e6ec5 (webtiles) character file.

Game seed: 5704298722109675047, levelgen mode: deterministic

3159 Elellon the Cleaver (level 9, 0/74 HPs)
             Began as a Deep Dwarf Fighter on Feb 1, 2020.
             Slain by an ogre
             ... wielding a +0 giant club
              (25 damage)
             ... on level 8 of the Dungeon.
             The game lasted 00:12:44 (5792 turns).

Elellon the Cleaver (Deep Dwarf Fighter)            Turns: 5792, Time: 00:12:45

Health: 0/74       AC: 12    Str: 23    XL:     9   Next: 62%
Magic:  0/7        EV:  7    Int:  9    God:
Gold:   386        SH: 11    Dex: 12    Spells: 8/8 levels left

rFire    + . .     SeeInvis +   G - +0 war axe (chop)
rCold    + . .     Gourm    .   B - +2 shield {rF+}
rNeg     . . .     Faith    .   H - +2 scale mail {rC+}
rPois    .         Spirit   +   F - +0 helmet
rElec    .         Reflect  .   t - scarf {Spirit}
rCorr    .         Harm     .   l - +0 pair of gloves
MR       +....                  r - +0 pair of boots
Stlth    ..........             (no amulet)
HPRegen  0.00/turn              i - ring of see invisible
MPRegen  0.10/turn              (no ring)

@: non-regenerating
A: damage resistance, heal wounds, sense surroundings 2, no regeneration
a: Heal Wounds


You were on level 8 of the Dungeon.
You were not hungry.

You visited 2 branches of the dungeon, and saw 9 of its levels.

You collected 476 gold pieces.
You spent 90 gold pieces at shops.

Inventory:

Hand Weapons
 G - a +0 war axe of chopping (weapon)
Armour
 l - a +0 pair of gloves (worn)
 r - a +0 pair of boots (worn)
 t - a scarf of spirit shield (worn)
 B - a +2 shield of fire resistance (worn)
 F - a +0 helmet (worn)
 H - a +2 scale mail of cold resistance (worn)
Jewellery
 i - a ring of see invisible (left hand)
Wands
 b - a wand of random effects (16)
 x - a wand of polymorph (8)
 C - a wand of disintegration (13)
Scrolls
 h - 5 scrolls of identify
 k - a scroll of enchant armour {unknown}
 m - 3 scrolls of remove curse
 n - a scroll of enchant weapon {unknown}
 o - 5 scrolls of teleportation
 s - a scroll of immolation {unknown}
 u - a scroll of fear {unknown}
 w - 2 scrolls of amnesia {unknown}
 y - a scroll of random uselessness {unknown}
 A - a scroll of magic mapping
Potions
 c - 2 potions of invisibility {unknown}
 d - 2 potions of might
 e - 2 potions of flight {unknown}
 g - 4 potions of brilliance {unknown}
 j - a potion of haste
 p - 2 potions of mutation {unknown}
 q - 4 potions of curing
 v - a potion of ambrosia {unknown}
 z - 2 potions of heal wounds
 E - a potion of agility {unknown}
Comestibles
 a - 14 chunks of flesh
 f - 11 rations


   Skills:
 - Level 2.6 Fighting
 + Level 14.2 Axes
 - Level 3.2 Armour
 - Level 3.2 Shields


You had 8 spell levels left.
You didn't know any spells.
Your spell library contained the following spells:

 Spells                   Type           Power        Failure   Level  Hunger
 Confusing Touch          Hex            #.....       99%         1    ##.....
 Sting                    Conj/Pois      #...         99%         1    ##.....
 Poisonous Vapours        Pois/Air       #.....       100%        2    ###....
 Confuse                  Hex            #.......     100%        3    ####...
 Gell's Gravitas          Tloc           #.........   100%        3    ####...
 Mephitic Cloud           Conj/Pois/Air  #.......     100%        3    ####...
 Olgreb's Toxic Radiance  Pois           #.......     100%        4    #####..
 Petrify                  Tmut/Erth      #.......     100%        4    #####..
 Metabolic Englaciation   Hex/Ice        #.........   100%        5    ######.
 Venom Bolt               Conj/Pois      #.........   100%        5    ######.
 Yara's Violent Unravell  Hex/Tmut       #.........   100%        5    ######.


Dungeon Overview and Level Annotations

Branches:
Dungeon (8/15)             Temple (1/1) D:4
   Lair: D:8-11

Altars:
Ashenzari
Cheibriados
Dithmenos
Elyvilon
Fedhas
Gozag
Kikubaaqudgha
Nemelex Xobeh
Okawaru
Sif Muna
Trog
Uskayaw
Wu Jian
Yredelemnul
Zin
The Shining One

Shops:
D:5 :   D:6 !   D:8 !


Innate Abilities, Weirdness & Mutations

You are resistant to damage.
You can heal yourself by infusing magical energy.
You passively map the area around you.
You do not regenerate.


Message History

a +0 dagger; a ball python skeleton; an orc skeleton An ogre comes into view.
It is wielding a +0 giant club.
You are too injured to fight recklessly!
You are too injured to fight recklessly!
You hit the ogre but do no damage.
A hound zombie comes into view.
The ogre hits you with a +0 giant club!
Your shield prevents you from hitting the ogre.
You slash the ogre!
The ogre is moderately wounded.
The ogre hits you with a +0 giant club.
You barely miss the ogre.
The ogre is moderately wounded.
You block the ogre's attack.
Your shield and scale mail prevent you from hitting the ogre.
The ogre is moderately wounded.
You slash the ogre!
The ogre is almost dead.
The ogre hits you with a +0 giant club!!
You die...

#### #######.#* *
#....##.......# ,
.....>.)<###.###### #
.......))..#.......,.#
** .............# *..#
...(.........## #..#
..............##*#..#
#..............##O.#
.#.............#@.#*
##...[..........##
##..........Z..#
##..........!.# *
............#
*,,##.........# ,
##.......## ,
#......## , * ....###


You could see an ogre and a hound zombie.

Vanquished Creatures
  Harold (D:7)
  Sigmund (D:6)
  A hungry ghost (D:7)
  Duvessa (D:6)
  Edmund (D:6)
  An orc warrior (D:6)
  A sky beast (D:5)
  2 phantoms
  2 ice beasts
  An ogre (D:5)
  3 centaurs
  A bullfrog (D:6)
  Dowan (D:6)
  3 scorpions
  5 crimson imps
  A jelly (D:8)
  A quasit (D:7)
  3 orc priests
  An orc wizard (D:7)
  Terence (D:3)
  An iguana (D:7)
  5 worker ants
  A hound zombie (D:6)
  4 gnolls (D:7)
  6 adders
  3 shadow imps
  4 oozes
  An adder skeleton (D:6)
  4 worms
  3 dart slugs
  6 leopard geckos
  20 orcs
  10 bats
  3 giant cockroaches
  11 goblins
  6 hobgoblins
  4 jackals
  9 kobolds
  3 quokkas
  3 ball pythons
  A ball python skeleton (D:4)
  3 frilled lizards
  A quokka zombie (D:7)
  9 rats
153 creatures vanquished.

Notes
Turn   | Place    | Note
-------+----------+-------------------------------------------
     0 | D:1      | Elellon the Deep Dwarf Fighter began the quest for the Orb.
     0 | D:1      | Reached XP level 1. HP: 20/20 MP: 1/1
    97 | D:1      | Reached skill level 3 in Axes
    97 | D:1      | Reached XP level 2. HP: 24/27 MP: 2/2
   826 | D:1      | Reached XP level 3. HP: 24/33 MP: 3/3
   951 | D:2      | Found a faded altar of an unknown god.
   959 | D:2      | Reached skill level 4 in Axes
  1130 | D:2      | Found a glowing silver altar of Zin.
  1398 | D:2      | Reached XP level 4. HP: 21/40 MP: 4/4
  1399 | D:2      | Reached skill level 5 in Axes
  1662 | D:3      | HP: 1/40 [worm (2)]
  1779 | D:3      | Noticed Terence
  1801 | D:3      | Killed Terence
  1875 | D:3      | Reached XP level 5. HP: 36/46 MP: 5/5
  2229 | D:4      | Found a snail-covered altar of Cheibriados.
  2267 | D:4      | Reached skill level 6 in Axes
  2332 | D:4      | Found a staircase to the Ecumenical Temple.
  2342 | Temple   | Entered the Ecumenical Temple
  2794 | D:4      | Found an opulent altar of Gozag.
  2845 | D:4      | Noticed a centaur
  2853 | D:4      | Killed a centaur
  2853 | D:4      | Reached skill level 7 in Axes
  2853 | D:4      | Reached XP level 6. HP: 24/55 MP: 6/6
  3250 | D:5      | Entered Level 5 of the Dungeon
  3344 | D:5      | Noticed an ice beast
  3445 | D:5      | Noticed a sky beast
  3461 | D:5      | Killed a sky beast
  3467 | D:5      | You fall into a shaft and drop 1 floor!
  3479 | D:6      | Reached skill level 8 in Axes
  3548 | D:6      | Reached XP level 7. HP: 25/61 MP: 0/7
  3585 | D:6      | Found Xoew's Distillery.
  3620 | D:6      | Reached skill level 9 in Axes
  3639 | D:6      | Bought a potion of curing for 30 gold pieces
  3639 | D:6      | Bought a potion of degeneration for 10 gold pieces
  3639 | D:6      | Bought a potion of heal wounds for 50 gold pieces
  3682 | D:5      | Found Lerinin's Book Shop.
  4065 | D:6      | Reached skill level 10 in Axes
  4148 | D:6      | Reached XP level 8. HP: 38/68 MP: 0/8
  4512 | D:6      | Noticed Duvessa
  4512 | D:6      | Noticed Edmund
  4515 | D:6      | Noticed Dowan
  4523 | D:6      | Killed Edmund
  4523 | D:6      | Reached skill level 11 in Axes
  4532 | D:6      | Killed Dowan
  4545 | D:6      | Killed Duvessa
  4585 | D:6      | Noticed Sigmund
  4599 | D:6      | Killed Sigmund
  4839 | D:7      | Reached skill level 12 in Axes
  5001 | D:7      | Gained mutation: You passively map the area around you.
                  | [Deep Dwarf growth]
  5001 | D:7      | Reached XP level 9. HP: 35/74 MP: 0/8
  5203 | D:7      | Noticed Harold
  5242 | D:7      | Killed Harold
  5242 | D:7      | Reached skill level 13 in Axes
  5245 | D:7      | Reached skill level 14 in Axes
  5718 | D:8      | Found Geda's Distillery.
  5792 | D:8      | Slain by an ogre

Levels and vault maps discovered:
D:1:      minmay_arrival_doors, layout_basic
D:2:      layout_loops_cross, zin_scriptorium, chequers_ecumenical_altar_simple,
          serial_rivers, chequers_serial_rivers_small_b,
          chequers_serial_rivers_marsh, chequers_serial_rivers_small_b,
          chequers_serial_rivers_small_3, chequers_serial_rivers_micro_b,
          serial_bayou_crossing
D:3:      layout_rooms, kennysheep_nondescript, st_stairs_9,
          corexii_corridor_pit, uniq_terence
D:4:      layout_gridville, lemuel_doored_altar, kennysheep_little_box,
          minmay_temple_entry_antechambers
D:5:      layout_rooms, serial_shops, shop, first_ration
D:6:      layout_basic, serial_shops, shop_coins, sigmund_edmund_badplayer,
          uniq_duvessa
D:7:      layout_basic, uniq_harold
D:8:      layout_layer_cave, lemuel_crystal_altar, serial_shops, shop,
          blue_anna_alchemist [blue_anna_fruit_fields, blue_anna_fruit_fields]
Temple:   oiseaux_autumnal_temple

Skill      XL: |  1  2  3  4  5  6  7  8  9 |
---------------+----------------------------+-----
Axes           | 3 4 5 7 8 10 12 14 | 14.2
Fighting       | |  2.6
Armour         | |  3.2
Shields        | |  3.2

Action                   |  1- 3 |  4- 6 |  7- 9 || total
-------------------------+-------+-------+-------++-------
Melee: War axe           |   116 |   197 |   342 ||   655
 Abil: Heal Wounds       |       |     3 |     9 ||    12
  Use: Scroll            |       |     5 |     1 ||     6
  Eat: Chunk             |     2 |     6 |    10 ||    18
       Ration            |       |       |     1 ||     1
Armor: Scale mail        |    59 |    68 |    44 ||   171
       Ring mail         |       |       |    42 ||    42
       Chain mail        |       |       |    15 ||    15
Dodge: Dodged            |    39 |    47 |    76 ||   162
Block: Shield            |    55 |    83 |   174 ||   312
